 Dungeon Crawl Stone Soup version 0.30-a0-381-g6ea064c7b4 (webtiles) character file.

Game seed: 6667579608764666587

89 qeuew the Trooper (level 4, -4/36 HPs)
             Began as a Demonspawn Monk on Dec 1, 2022.
             Slain by Grinder (7 damage)
             ... while paralysed by Grinder
             ... on level 3 of the Dungeon.
             The game lasted 00:02:45 (1784 turns).

qeuew the Trooper (Demonspawn Monk)                 Turns: 1784, Time: 00:02:45

Health: -4/36      AC:  7    Str: 12 (13) XL:     4   Next: 31%
Magic:  4/4        EV:  2    Int: 10 (12) God:
Gold:   207        SH:  0    Dex: 14 (15) Spells: 3/3 levels left

rFire   . . .      SeeInvis +    a - +0 mace (protect)
rCold   . . .      Faith    .    (no shield)
rNeg    + . .      Spirit   .    d - +0 ring mail
rPois   .          Reflect  .    (no helmet)
rElec   .          Harm     .    (no cloak)
rCorr   .          Rampage  .    (no gloves)
Will    .....                    (no boots)
Stlth   +.........               (no amulet)
HPRegen 0.26/turn                i - ring of positive energy
MPRegen 0.09/turn                (no ring)

@: paralysed, unable to read
A: yellow scales 1, see invisible, inability to read after injury 1, noise
suppression
a: no special abilities


You were on level 3 of the Dungeon.
You visited 1 branch of the dungeon, and saw 3 of its levels.

You collected 207 gold pieces.

Inventory:

Hand Weapons
 a - a +0 mace of protection (weapon)
Armour
 d - a +0 ring mail (worn)
Jewellery
 i - a ring of positive energy (left hand)
Scrolls
 b - a scroll of silence
 g - 3 scrolls of fear
 h - a scroll of identify
Potions
 e - a potion of cancellation
 f - a potion of haste


   Skills:
 + Level 3.6 Fighting
 + Level 3.3 Maces & Flails
 + Level 1.5 Armour
 + Level 3.2 Dodging
 - Level 1.7 Stealth


You had 3 spell levels left.
You didn't know any spells.
Your spell library contained the following spells:

 Spells                   Type           Power      Damage    Failure   Level
 Passage of Golubria      Tloc           0%         N/A       100%        4
 Silence                  Hex/Air        0%         N/A       100%        5
 Lehudib's Crystal Spear  Conj/Erth      0%         10d2      100%        8


Dungeon Overview and Level Annotations

Branches:
Dungeon (3/15)

Altars:

Annotations:
D:3 Grinder


Innate Abilities, Weirdness & Mutations

You are partially covered in yellow scales. (AC +2)
You have supernaturally acute eyesight. (SInv)
You occasionally lose the ability to read scrolls when taking damage.
You passively dampen the noise of your surroundings.


Message History

Grinder is severely wounded.
Grinder hits you!
You writhe in agony.
You closely miss Grinder.
Grinder is severely wounded.
Grinder closely misses you.
You hit Grinder. Your punch misses Grinder.
Grinder is severely wounded.
Grinder hits you.
You writhe in agony.
* * * LOW HITPOINT WARNING * * *
You closely miss Grinder.
Grinder is severely wounded.
Grinder hits you but does no damage.
Unknown command.
You closely miss Grinder.
Grinder is severely wounded.
Grinder gestures at you.
You suddenly lose the ability to move!
Grinder hits you but does no damage. Grinder gestures at you.
Pain shoots through your body!
* * * LOW HITPOINT WARNING * * *
You can move again.
You completely miss Grinder.
Grinder is severely wounded.
Grinder blinks!
Unknown command.
Grinder gestures at you.
You shrug off the repeated paralysis!
Okay, then.
Okay, then.
Grinder gestures at you. Pain shoots through your body!
You feel threatened and lose the ability to read scrolls!
* * * LOW HITPOINT WARNING * * *
You cannot read scrolls in your current state!
You barely miss Grinder.
Grinder is severely wounded.
Grinder gestures at you.
You suddenly lose the ability to move!
Grinder hits you!
You die...

#.#.##.#
#.#.##.#
#.#..#†#
#.##.#.#
#.##.#.#
#......#
####.### . #.#
##########....
#.#
#..5@..?.>...#
#.#
#<############
#.###.#
#.....#
#######


You could see Grinder.

Vanquished Creatures
  An orc priest (D:3)
  An adder (D:3)
  A dart slug (D:1)
  2 orcs (D:3)
  4 endoplasms (D:1)
  2 giant cockroaches
  3 goblins
  7 hobgoblins
  3 jackals
  2 quokkas (D:2)
  3 ball pythons
  3 bats
  2 frilled lizards (D:1)
  3 kobolds
  6 rats
43 creatures vanquished.

Notes
Turn   | Place    | Note
-------+----------+-------------------------------------------
     0 | D:1      | qeuew the Demonspawn Monk began the quest for the Orb.
     0 | D:1      | Reached XP level 1. HP: 18/18 MP: 1/1
    81 | D:1      | Gained mutation: You are partially covered in yellow
                  | scales. (AC +2) [demonic ancestry]
    81 | D:1      | Reached XP level 2. HP: 24/24 MP: 2/2
   137 | D:1      | You fall into a shaft and drop 1 floor!
   342 | D:1      | Reached skill level 1 in Armour
   536 | D:1      | Reached XP level 3. HP: 28/29 MP: 3/3
   631 | D:1      | Gained mutation: You occasionally lose the ability to read
                  | scrolls when taking damage. [potion of mutation]
   631 | D:1      | Gained mutation: You have supernaturally acute eyesight.
                  | (SInv) [potion of mutation]
   631 | D:1      | Gained mutation: You passively dampen the noise of your
                  | surroundings. [potion of mutation]
   929 | D:2      | Identified the +10 quarterstaff of the Vulture {vorpal, rF+
                  | Str-4 Int+3}
  1431 | D:3      | Reached XP level 4. HP: 19/36 MP: 4/4
  1739 | D:3      | Noticed Grinder
  1750 | D:3      | Paralysed by Grinder for 2 turns
  1759 | D:3      | Paralysed by Grinder for 2 turns
  1778 | D:3      | Paralysed by Grinder for 2 turns
  1783 | D:3      | Paralysed by Grinder for 5 turns
  1784 | D:3      | Slain by Grinder

Illustrated notes

Levels and vault maps discovered:
D:1:      ncdulo_watergridlock, layout_rooms
D:2:      layout_loops_cross, basic_altar, minivault_11
D:3:      layout_loops_cross, chequers_big_river, uniq_grinder

Skill      XL: |  1  2 |
---------------+-------+-----
Maces & Flails | 3 |  3.3
Armour         | 1 |  1.5
Dodging        | 3 |  3.2
Fighting       | |  3.6
Stealth        | |  1.7

Action                   |  1- 3 |  4- 6 || total
-------------------------+-------+-------++-------
Melee: Mace              |   129 |    50 ||   179
       Punch             |     3 |     1 ||     4
  Use: Scroll            |    12 |       ||    12
       Potion            |     3 |     1 ||     4
 Stab: Sleeping          |     2 |       ||     2
Armor: Robe              |    24 |       ||    24
       Ring mail         |    48 |    28 ||    76
Dodge: Dodged            |   146 |    12 ||   158

Table legend: (Time is in decaauts)
 A = Elapsed time spent in this place.
 B = Non-inter-level travel time spent in this place.
 C = Inter-level travel time spent in this place.
 D = Time resting spent in this place.
 E = Time spent auto-exploring this place.
 F = Levels seen in this place.
 G = Mean time per level.
                   A        B        C        D        E       F      G
               +--------+--------+--------+--------+--------+-----+--------+
         Total |   1832 |   1795 |     37 |     66 |   1298 |   3 |  610.7 |
       Dungeon |   1832 |   1795 |     37 |     66 |   1298 |   3 |  610.7 |
               +--------+--------+--------+--------+--------+-----+--------+

Top non-repeatable levels by time:
     D:2: 747 daAuts
     D:1: 562 daAuts
     D:3: 523 daAuts
